 Dungeon Crawl Stone Soup version 0.23.2-1-ga50397a6bc (webtiles) character file.

Game seed: 13032036411298682373

10643 Mithandil the Cleaver (level 11, -3/102 HPs)
             Began as a Hill Orc Fighter on May 30, 2019.
             Was a Priest of Trog.
             Slain by a freezing wraith (18 damage)
             ... led by a death knight
             ... on level 10 of the Dungeon.
             The game lasted 01:28:23 (11775 turns).

Mithandil the Cleaver (Hill Orc Fighter)           Turns: 11775, Time: 01:28:25

Health: -3/102     AC: 24    Str: 23    XL:     11   Next: 65%
Magic:  11/11      EV:  9    Int:  8    God:    Trog [***...]
Gold:   225        SH: 16    Dex: 10    Spells: 10/10 levels left

rFire    . . .     SeeInvis +   a - +0 war axe (chop)
rCold    . . .     Gourm    .   c - +2 shield
rNeg     . . .     Faith    .   z - +0 plate armour
rPois    .         Spirit   .   u - +0 helmet
rElec    .         Reflect  +   w - +0 cloak
rCorr    .         Harm     .   H - +2 pair of gloves
MR       .....                  h - +2 pair of boots
Stlth    ..........             x - +2 amulet of reflection
HPRegen  0.27/turn              n - +3 ring of evasion
MPRegen  0.12/turn              o - ring of see invisible

@: slowed, very slow
A: no striking features
a: Berserk, Trog's Hand, Renounce Religion


You were on level 10 of the Dungeon.
You worshipped Trog.
Trog was most pleased with you.
You were not hungry.

You visited 2 branches of the dungeon, and saw 13 of its levels.

You collected 451 gold pieces.
You spent 226 gold pieces at shops.

Inventory:

Hand Weapons
 a - a +0 war axe of chopping (weapon)
 b - a +0 halberd
 l - a +0 war axe of freezing
Missiles
 d - 9 tomahawks (quivered)
Armour
 c - a +2 shield (worn)
 h - a +2 pair of boots (worn)
 u - a +0 helmet (worn)
 w - a +0 cloak (worn)
 z - a +0 plate armour (worn)
 H - a +2 pair of gloves (worn)
Jewellery
 e - an uncursed amulet of faith {unknown}
 j - an uncursed ring of resist corrosion
 n - a +3 ring of evasion (left hand)
 o - a ring of see invisible (right hand)
 p - an uncursed ring of flight
 x - a +2 amulet of reflection (around neck)
 y - an uncursed ring of fire
 D - an uncursed ring of protection from fire
Scrolls
 s - 4 scrolls of blinking
 v - 4 scrolls of teleportation
 F - a scroll of enchant weapon
 G - 3 scrolls of fear
 I - a scroll of fog
Potions
 i - a potion of flight
 k - a potion of berserk rage {unknown}
 m - 2 potions of mutation
 q - a potion of haste
 r - 2 potions of curing
 A - a potion of invisibility {unknown}
 E - a potion of ambrosia {unknown}
Comestibles
 f - 17 rations


   Skills:
 + Level 11.3 Fighting
 + Level 11.9 Axes
 + Level 10.4 Armour
 + Level 10.4 Shields


You had 10 spell levels left.
You didn't know any spells.
Your spell library contained the following spells:

 Spells                   Type           Power        Failure   Level  Hunger
 Magic Dart               Conj           #...         100%        1    ##.....
 Blink                    Tloc           N/A          100%        2    ###....
 Call Imp                 Summ           #.......     100%        2    ###....
 Slow                     Hex            #.......     100%        2    ###....
 Conjure Flame            Conj/Fire      #.......     100%        3    ####...
 Mephitic Cloud           Conj/Pois/Air  #.......     100%        3    ####...


Dungeon Overview and Level Annotations

Branches:
Dungeon (12/15)            Temple (1/1) D:6             Orc (0/2) D:10
   Lair: D:8-11

Altars:
Ashenzari
Cheibriados
Dithmenos
Elyvilon
Fedhas
Gozag
Hepliaklqana
Kikubaaqudgha
Makhleb
Nemelex Xobeh
Okawaru
Qazlal
Ru
Sif Muna
Trog
Uskayaw
Vehumet
Wu Jian
Xom
Yredelemnul
Zin
The Shining One

Shops:
D:4 %   D:7 *?}**%

Annotations:
D:7 Harold


Message History

You hit the death knight. The freezing wraith barely misses you.
You block the freezing wraith's attack.
The death knight hits you but does no damage.
Your plate armour prevents you from hitting the freezing wraith.
The freezing wraith is almost destroyed.
You slash the death knight!
The freezing wraith hits you but does no damage. x2
You block the death knight's attack.
You hit the freezing wraith but do no damage.
The freezing wraith is almost destroyed.
You closely miss the death knight. You block the freezing wraith's attack.
The freezing wraith closely misses you. You block the death knight's attack.
You block the freezing wraith's attack. The freezing wraith closely misses you.
You completely miss the freezing wraith.
The freezing wraith is almost destroyed.
You hit the death knight but do no damage.
The freezing wraith hits you!
* * * LOW HITPOINT WARNING * * *
The freezing wraith freezes you!!
You die...

.................................
...........#..............#......
...........#......>.......#......
...........#..............#......
...........+..............#......
...........#..............#......
...........#..............#......
..#####....#.....p........#...###
..#####....#.[.W@.........#......
..............)...........)......
#################################


You could see a death knight and a freezing wraith.

Vanquished Creatures
  A two-headed ogre (D:9)
  A centaur zombie (D:11)
  2 oklob plants (D:9)
  A freezing wraith (D:10)
  A tengu conjurer (D:10)
  6 slime creatures (D:10)
  3 hippogriffs
  Prince Ribbit (D:9)
  2 wyverns
  A wraith (D:10)
  5 yaks (D:10)
  A steam dragon (D:8)
  An acid dragon (D:10)
  A soldier ant (D:10)
  A floating eye (D:9)
  Duvessa (D:7)
  4 orc warriors
  An ice beast (D:7)
  4 sky beasts
  A black bear (D:9)
  A hornet zombie (D:10)
  3 phantoms
  A necrophage (D:7)
  6 ogres
  An eye of draining (D:10)
  3 centaurs
  A crocodile (D:10)
  2 big kobolds (D:9)
  2 bullfrogs
  Blork the orc (D:6)
  A water moccasin zombie (D:7)
  A wyvern zombie (D:10)
  Dowan (D:7)
  A water moccasin skeleton (D:11)
  5 scorpions
  11 killer bees (D:7)
  3 howler monkeys
  2 crimson imps
  A quasit (D:5)
  3 hounds
  3 jellies
  4 orc priests
  2 bullfrog skeletons
  6 orc wizards
  An iguana (D:4)
  8 worker ants
  2 hound zombies
  2 hound skeletons
  Robin (D:3)
  6 gnolls
  9 adders
  3 oozes
  3 adder zombies
  2 adder skeletons
  2 worms
  A dart slug (D:4)
  2 leopard geckos
  34 orcs
  4 giant cockroaches
  7 hobgoblins
  10 jackals
  2 quokkas
  A ball python skeleton (D:3)
  A bat (D:3)
  6 frilled lizards
  13 goblins
  2 jackal zombies
  17 kobolds
  2 leopard gecko zombies (D:6)
  9 rats
254 creatures vanquished.

Vanquished Creatures (others)
  A big kobold (D:9)
  A kobold (D:9)
2 creatures vanquished.

Grand Total: 256 creatures vanquished

Notes
Turn   | Place    | Note
-------+----------+-------------------------------------------
     0 | D:1      | Mithandil the Hill Orc Fighter began the quest for the Orb.
     0 | D:1      | Reached XP level 1. HP: 19/19 MP: 1/1
     6 | D:1      | Noticed a wyvern
     6 | D:1      | Noticed a lindwurm
     6 | D:1      | Noticed a hound
     6 | D:1      | Noticed a polar bear
   285 | D:1      | Reached XP level 2. HP: 19/27 MP: 2/2
  1108 | D:2      | Reached XP level 3. HP: 33/33 MP: 3/3
  1685 | D:3      | Noticed Robin
  1712 | D:3      | Killed Robin
  1712 | D:3      | Reached XP level 4. HP: 32/40 MP: 4/4
  2017 | D:3      | Found a burning altar of Makhleb.
  2370 | D:3      | Noticed a blizzard demon
  2405 | D:3      | Reached XP level 5. HP: 45/47 MP: 5/5
  2749 | D:3      | Noticed a neqoxec
  2749 | D:3      | Noticed a smoke demon
  2795 | D:4      | Found a shadowy altar of Dithmenos.
  2889 | D:4      | Found Ejovik's Food Emporium.
  2915 | D:5      | Entered Level 5 of the Dungeon
  2915 | D:5      | Noticed an ogre
  3038 | D:4      | Killed an ogre
  3038 | D:4      | Reached skill level 5 in Fighting
  3038 | D:4      | Reached XP level 6. HP: 33/56 MP: 6/6
  3646 | D:5      | Reached skill level 5 in Axes
  3767 | D:5      | Reached skill level 5 in Shields
  3895 | D:5      | Noticed a phantom
  3943 | D:5      | Noticed an orc warrior
  4310 | D:5      | Reached skill level 5 in Armour
  4310 | D:5      | Reached XP level 7. HP: 54/61 MP: 7/7
  4607 | D:6      | Reached XP level 8. HP: 71/71 MP: 8/8
  4843 | D:6      | Noticed Blork the orc
  4851 | D:6      | Killed Blork the orc
  4981 | D:7      | Found Bounous's General Store.
  4981 | D:7      | Noticed a cyan ugly thing
  4982 | D:7      | Noticed Harold
  5420 | D:6      | Found a staircase to the Ecumenical Temple.
  5446 | Temple   | Entered the Ecumenical Temple
  5520 | Temple   | Became a worshipper of Trog the Wrathful
  5959 | D:7      | Found Pecreech's Magic Scroll Emporium.
  5977 | D:7      | Bought a scroll of enchant weapon for 82 gold pieces
  5977 | D:7      | Bought a scroll of identify for 22 gold pieces
  5977 | D:7      | Bought a scroll of identify for 22 gold pieces
  6010 | D:7      | Found Poyleik's Gadget Shop.
  6094 | D:7      | Reached XP level 9. HP: 69/79 MP: 9/9
  6308 | D:7      | Found Raocvian's General Store.
  6311 | D:7      | Bought a +0 war axe of chopping for 100 gold pieces
  6469 | D:7      | Reached * piety under Trog
  6870 | D:7      | Found Neipiani's Assorted Antiques.
  6893 | D:7      | Found Zauckiwiap's Food Shoppe.
  6894 | D:7      | Noticed Duvessa
  6894 | D:7      | Noticed Dowan
  6906 | D:7      | Killed Duvessa
  6912 | D:7      | Killed Dowan
  6924 | D:7      | Found an ornate altar of the Wu Jian Council.
  7979 | D:8      | Reached XP level 10. HP: 91/91 MP: 10/10
  8013 | D:9      | Noticed Prince Ribbit
  8022 | D:9      | Reached ** piety under Trog
  8720 | D:9      | Noticed a two-headed ogre
  8728 | D:9      | Killed a two-headed ogre
  8772 | D:9      | Reached skill level 10 in Axes
  8877 | D:9      | Killed Prince Ribbit
  9247 | D:10     | Entered Level 10 of the Dungeon
  9261 | D:10     | Reached skill level 10 in Fighting
  9586 | D:9      | Paralysed by a floating eye for 3 turns
  9591 | D:9      | Paralysed by a floating eye for 2 turns
  9603 | D:9      | Noticed an oklob plant
  9609 | D:9      | Noticed an oklob plant
  9627 | D:9      | Killed an oklob plant
  9648 | D:9      | Killed an oklob plant
  9648 | D:9      | Reached XP level 11. HP: 46/101 MP: 11/11
  9962 | D:10     | Reached *** piety under Trog
  9996 | D:9      | Found a glowing silver altar of Zin.
 10763 | D:11     | Reached skill level 10 in Armour
 10763 | D:11     | Reached skill level 10 in Shields
 10770 | D:10     | Found a shattered altar of Ashenzari.
 10916 | D:10     | Found a staircase to the Orcish Mines.
 11460 | D:11     | Noticed a death knight
 11480 | D:11     | Noticed a skeletal warrior
 11775 | D:10     | Slain by a freezing wraith

Skill      XL: |  1  2  3  4  5  6  7  8  9 10 11 |
---------------+----------------------------------+-----
Axes           | 3 4 5 6 7 9 11 | 11.9
Fighting       | 4 5 6 7 9 10 11 | 11.3
Shields        | 4 5 6 8 9 10 | 10.4
Armour         | 4 5 6 8 9 10 | 10.4

Action                   |  1- 3 |  4- 6 |  7- 9 | 10-12 || total
-------------------------+-------+-------+-------+-------++-------
Melee: War axe           |   133 |   188 |   343 |   379 ||  1043
  Use: Scroll            |     7 |    12 |     7 |     5 ||    31
       Potion            |       |     1 |     4 |     3 ||     8
  Eat: Chunk             |     2 |     5 |     3 |     5 ||    15
       Ration            |     1 |     1 |     2 |     3 ||     7
Armor: Scale mail        |    21 |       |       |       ||    21
       Chain mail        |    34 |   130 |     7 |       ||   171
       Plate armour      |       |       |   168 |   174 ||   342
Dodge: Dodged            |    41 |    36 |    98 |   134 ||   309
Block: Shield            |    79 |   151 |   250 |   303 ||   783
       Reflection        |       |     1 |     7 |    15 ||    23
